 Dungeon Crawl Stone Soup version 0.26.1-11-gd32895ea62 (webtiles) character file.

Game seed: 6843076674688240783

1426 bnorton916 the Frost Mage (level 8, -24/52 HPs)
             Began as a Barachi Ice Elementalist on June 7, 2021.
             Blown up by a centaur (28 damage)
             ... with a disintegration bolt
             ... on level 6 of the Dungeon.
             The game lasted 00:16:02 (5672 turns).

bnorton916 the Frost Mage (BaIE)                    Turns: 5672, Time: 00:16:04

Health: -24/52     AC:  9    Str:  9    XL:     8   Next: 72%
Magic:  14/15      EV: 12    Int: 18    God:
Gold:   397        SH:  0    Dex: 13    Spells: 2/17 levels left

rFire    . . .     SeeInvis .   A - +3 long sword
rCold    . . .     Faith    .   (no shield)
rNeg     . . .     Spirit   .   y - +2 animal skin
rPois    .         Reflect  .   z - +0 helmet
rElec    .         Harm     .   (no cloak)
rCorr    .         Rampage  .   (no gloves)
Will     .....                  (no boots)
Stlth    ++........             c - amulet of regeneration
HPRegen  0.57/turn              h - ring of wizardry
MPRegen  0.14/turn              n - +4 ring of protection

@: invisible, slow
A: +LOS, swims, slowness 1, strong legs 1
a: Hop


You were on level 6 of the Dungeon.
You visited 1 branch of the dungeon, and saw 6 of its levels.
You also visited: Sewer.

You collected 397 gold pieces.

Inventory:

Hand Weapons
 A - a +3 long sword (weapon)
Missiles
 b - 319 stones
Armour
 p - a cursed -1 ring mail
 x - a cursed -1 leather armour
 y - a +2 animal skin (worn)
 z - a +0 helmet (worn)
Jewellery
 c - an amulet of regeneration (around neck)
 h - a ring of wizardry (left hand)
 n - a +4 ring of protection (right hand)
 s - an uncursed ring of protection from cold
Wands
 w - a wand of polymorph (39)
 C - a wand of flame (24)
Scrolls
 a - a scroll of magic mapping {unknown}
 d - 3 scrolls of teleportation
 f - 3 scrolls of amnesia
 i - a scroll of enchant armour
 j - a scroll of remove curse
 m - 3 scrolls of identify
 u - a scroll of blinking
 v - a scroll of enchant weapon
 B - a scroll of fear {unknown}
Potions
 e - 3 potions of berserk rage
 k - a potion of brilliance {unknown}
 l - 3 potions of magic
 o - 2 potions of might
 q - a potion of heal wounds {unknown}
 r - 2 potions of haste
 t - 3 potions of resistance
 D - a potion of flight


   Skills:
 + Level 5.8 Long Blades
 - Level 2.1 Dodging
 - Level 1.7 Stealth
 - Level 5.3 Spellcasting
 + Level 6.3 Summonings
 - Level 8.2 Ice Magic


You had 2 spell levels left.
You knew the following spells:

 Your Spells              Type           Power        Failure   Level
a - Freeze                Ice            100%         1%          1
b - Frozen Ramparts       Ice            68%          1%          3
c - Ozocubu's Armour      Ice            34%          1%          3
d - Hailstorm             Conj/Ice       19%          10%         4
e - Summon Ice Beast      Ice/Summ       31%          2%          4

Your spell library contained the following spells:

 Spells                   Type           Power        Failure   Level
 Summon Small Mammal      Summ           100%         1%          1
 Animate Skeleton         Necr           8%           5%          1
 Apportation              Tloc           8%           5%          1
 Corona                   Hex            4%           5%          1


Dungeon Overview and Level Annotations

Branches:
Dungeon (6/15)              Sewer (visited)
 Temple: D:4-7

Altars:
Dithmenos
Elyvilon
Fedhas
Gozag
Kikubaaqudgha
Nemelex Xobeh
Qazlal
Uskayaw
Yredelemnul

Shops:
D:5 (


Innate Abilities, Weirdness & Mutations

You can be seen from farther away. (+LOS)
You can swim through water.
You cover ground slowly.
You can hop short distances.


Message History

The centaur unwields a +0 shortbow.
The centaur hits you but does no damage.
The centaur zaps a wand.
You are blasted!
* * * LOW HITPOINT WARNING * * *
Casting: Frozen Ramparts (safe; 1% risk of failure)
Confirm with . or Enter, or press ? or * to list all spells.
Aiming: Freeze (safe; 1% risk of failure)
Press: ? - help, Shift-Dir - straight line, f - centaur
Aim: a centaur, quivering 19 arrows and carrying a wand of disintegration (14)
You freeze the centaur.
The centaur is moderately wounded.
The centaur hits you but does no damage.
Unknown command.
It was a potion of invisibility.
You fade into invisibility!
The centaur hits you.
* * * LOW HITPOINT WARNING * * *
The centaur zaps a wand.
You are blasted!
Ouch! That really hurt!
You die...

### #.. ###..
## #....####
#.. ###..c## ..
##..##.@# #.#
..#..#.##)#
.#.#
.#.##..#(#....#
#.#..##.#....#
.#
#.##.#.:#....#
#.#
#..##(.##...##
####.#
##.†.###..(##
#....#
...####......#
#.##.#
.......)..###.#
#.##.#


You could see a centaur.

Vanquished Creatures
  2 water moccasins
  An ice beast (D:5)
  2 phantoms (D:5)
  4 ogres
  A necrophage (D:5)
  A bullfrog (D:6)
  A bullfrog skeleton (D:5)
  An orc priest (D:3)
  2 hounds (D:6)
  2 orc wizards (D:2)
  A centaur skeleton (D:5)
  Jessica (D:2)
  A hound zombie (D:5)
  Robin (D:4)
  A howler monkey skeleton (D:5)
  6 adders
  A river rat (D:3)
  A shadow imp (D:5)
  A white imp (D:6)
  5 worms
  4 dart slugs
  A leopard gecko (D:3)
  6 orcs
  A bat zombie (D:3)
  9 giant cockroaches
  11 goblins
  14 hobgoblins
  17 jackals
  3 quokkas
  9 bats
  7 frilled lizards
  A jackal zombie (D:6)
  8 kobolds
  8 rats
  2 rat zombies (D:3)
137 creatures vanquished.

Vanquished Creatures (collateral kills)
  A centaur (D:5)
1 creature vanquished.

Vanquished Creatures (others)
  A fungus (D:3)
  4 plants (D:3)
5 creatures vanquished.

Grand Total: 143 creatures vanquished

Notes
Turn   | Place    | Note
-------+----------+-------------------------------------------
     0 | D:1      | bnorton916 the Barachi Ice Elementalist began the quest for
                  | the Orb.
     0 | D:1      | Reached XP level 1. HP: 13/13 MP: 3/3
   192 | D:1      | Reached skill level 5 in Ice Magic
   210 | D:1      | Reached XP level 2. HP: 18/19 MP: 0/5
   904 | D:2      | Reached XP level 3. HP: 23/24 MP: 4/7
  1271 | D:2      | Reached XP level 4. HP: 19/30 MP: 5/9
  1275 | D:2      | Learned a level 3 spell: Frozen Ramparts
  1279 | D:2      | Learned a level 3 spell: Ozocubu's Armour
  1600 | D:2      | Reached skill level 6 in Ice Magic
  1643 | D:2      | Noticed Jessica
  1705 | D:2      | Killed Jessica
  2021 | D:3      | Found a stormy altar of Qazlal.
  2030 | D:3      | Reached XP level 5. HP: 35/35 MP: 8/10
  2185 | D:3      | Found a sparkling altar of Nemelex Xobeh.
  2256 | D:3      | Learned a level 4 spell: Hailstorm
  2325 | D:3      | Found an opulent altar of Gozag.
  2409 | D:3      | Noticed an ogre
  2418 | D:3      | Killed an ogre
  2419 | D:3      | Reached skill level 7 in Ice Magic
  2419 | D:3      | Reached XP level 6. HP: 10/41 MP: 3/13
  2501 | D:3      | Found a blossoming altar of Fedhas.
  2543 | D:3      | Found a glowing drain.
  2568 | Sewer    | Entered a sewer
  2618 | Sewer    | Noticed a water moccasin
  2628 | Sewer    | Killed a water moccasin
  2629 | Sewer    | Reached skill level 5 in Spellcasting
  2794 | D:3      | Found a shadowy altar of Dithmenos.
  2829 | D:3      | Learned a level 4 spell: Summon Ice Beast
  2948 | D:3      | Found a hide-covered altar of Uskayaw.
  3228 | D:3      | Found an ancient bone altar of Kikubaaqudgha.
  3404 | D:4      | Reached skill level 1 in Summonings
  3404 | D:4      | Reached XP level 7. HP: 46/46 MP: 9/14
  3443 | D:4      | Found an opulent altar of Gozag.
  3556 | D:4      | Noticed Robin
  3565 | D:4      | Reached skill level 8 in Ice Magic
  3659 | D:4      | Killed Robin
  3795 | D:4      | Found a white marble altar of Elyvilon.
  3859 | D:4      | Found a basalt altar of Yredelemnul.
  4035 | D:4      | Reached skill level 1 in Long Blades
  4213 | D:5      | Entered Level 5 of the Dungeon
  4381 | D:5      | Found Fekhicw's Weapon Shoppe.
  4788 | D:5      | Reached XP level 8. HP: 42/52 MP: 12/15
  5517 | D:5      | Reached skill level 5 in Summonings
  5546 | D:6      | Reached skill level 5 in Long Blades
  5672 | D:6      | Blown up by a centaur

Illustrated notes

Levels and vault maps discovered:
D:1:      mrwooster_arrival_arrow, layout_rooms
D:2:      layout_loops_ring, kennysheep_crisscross, kennysheep_potato,
          uniq_jessica
D:3:      layout_basic, grunt_temple_overflow_forces_of_nature,
          nemelex_xobeh_ov_fountains_minmay, old_standard_altar,
          lemuel_zombie_altar_kikubaaqudgha, overflow_temple_1_default,
          portal_sewer_entry_b, grunt_dithmenos_smoke_and_mirrors
D:4:      layout_basic, kennysheep_ying_yang, grunt_gozag_statues, uniq_robin
D:5:      layout_basic, serial_shops, nicolae_shop_trees
D:6:      layout_loops_corners, lemuel_blue_sif_altar, kennysheep_little_box,
          minmay_temple_entry_proselytizer, minmay_alternating_orb

Skill      XL: |  1  2  3  4  5  6  7  8 |
---------------+-------------------------+-----
Ice Magic      | 5 6 7 8 |  8.2
Spellcasting   | 3 4 5 |  5.3
Summonings     | 1 3 6 |  6.3
Long Blades    | 3 5 |  5.8
Dodging        | |  2.1
Stealth        | |  1.7

Action                   |  1- 3 |  4- 6 |  7- 9 || total
-------------------------+-------+-------+-------++-------
Melee: Unarmed           |     2 |       |       ||     2
       Dagger            |       |    14 |    13 ||    27
       Long sword        |       |       |    90 ||    90
 Cast: Freeze            |    53 |    76 |    40 ||   169
       Frozen Ramparts   |       |     4 |    13 ||    17
       Summon Ice Beast  |       |       |     3 ||     3
       Ozocubu's Armour  |       |       |     1 ||     1
 Abil: Hop               |     1 |       |       ||     1
  Use: Scroll            |       |     9 |     6 ||    15
       Potion            |       |       |     1 ||     1
Armor: Robe              |     5 |    23 |     4 ||    32
       Animal skin       |       |       |    49 ||    49
Dodge: Dodged            |    36 |    68 |   102 ||   206
       Rpst.: Long sword |       |       |    21 ||    21
